 Dungeon Crawl Stone Soup version 0.29.1-4-g47bece8355 (webtiles) character file.

Game seed: 15362640879656502311

241 mopl the Chopper (level 6, -7/47 HPs)
             Began as a Barachi Monk on Dec 6, 2022.
             Splashed by a jelly's acid (8 damage)
             ... on level 5 of the Dungeon on Dec 9, 2022.
             The game lasted 00:03:52 (3342 turns).

mopl the Chopper (Barachi Monk)                     Turns: 3342, Time: 00:03:57

Health: -7/47      AC: -8    Str: 15    XL:     6   Next: 8%
Magic:  0/6        EV: 10    Int: 10    God:
Gold:   20         SH:  0    Dex: 14    Spells: 5/5 levels left

rFire   . . .      SeeInvis .   a - +0 hand axe
rCold   . . .      Faith    .   (no shield)
rNeg    . . .      Spirit   +   m - +0 scale mail
rPois   .          Reflect  .   l - +0 helmet
rElec   .          Harm     .   (no cloak)
rCorr   .          Rampage  .   j - +0 pair of gloves
Will    .....                   (no boots)
Stlth   +.........              v - amulet of guardian spirit
HPRegen 0.15/turn               (no ring)
MPRegen 0.10/turn               (no ring)

@: corroded, slow
A: amphibious, slowness 1, strong legs 1, +LOS
a: Hop


You were on level 5 of the Dungeon.
You visited 1 branch of the dungeon, and saw 5 of its levels.

You collected 132 gold pieces.
You spent 112 gold pieces at shops.

Inventory:

Hand Weapons
 a - a +0 hand axe (weapon)
Missiles
 c - 8 boomerangs
Armour
 j - a +0 pair of gloves (worn)
 l - a +0 helmet (worn)
 m - a +0 scale mail (worn)
Jewellery
 v - an amulet of guardian spirit (around neck)
Wands
 t - a wand of polymorph (8)
 u - a wand of paralysis (11)
Scrolls
 e - a scroll of enchant weapon {unknown}
 f - a scroll of noise {unknown}
 g - a scroll of magic mapping {unknown}
 i - 4 scrolls of identify {unknown}
 o - a scroll of immolation {unknown}
 p - 2 scrolls of teleportation {unknown}
 w - a scroll of summoning {unknown}
Potions
 b - 2 potions of degeneration {unknown}
 h - 4 potions of lignification {unknown}
 k - a potion of haste {unknown}
 n - 2 potions of heal wounds
 q - 2 potions of attraction {unknown}
 r - 2 potions of mutation {unknown}
 s - a potion of cancellation {unknown}


   Skills:
 - Level 3.6 Fighting
 + Level 7.2 Axes
 - Level 3.2 Dodging
 - Level 1.7 Stealth


You had 5 spell levels left.
You didn't know any spells.
Your spell library contained the following spells:

 Spells                   Type           Power      Damage    Failure   Level
 Sandblast                Erth           0%         2d4       85%         1
 Passwall                 Tmut/Erth      0%         N/A       94%         2
 Stone Arrow              Conj/Erth      0%         3d7       99%         3


Dungeon Overview and Level Annotations

Branches:
Dungeon (5/15)
 Temple: D:4-7

Altars:
Sif Muna

Shops:
D:4 !


Innate Abilities, Weirdness & Mutations

You are amphibious.
You cover ground slowly.
You can hop short distances.
You have an extended range of vision and can be seen from far away.


Message History

You hit the scorpion but do no damage.
The scorpion is almost dead.
The helpless jelly fails to defend itself.
You hit the jelly.
Your hands burn!
* * * LOW HITPOINT WARNING * * *
The scorpion stings you.
* * * LOW HITPOINT WARNING * * *
You are lethally poisoned!
The scorpion poisons you!
You feel better. The scorpion stings you.
* * * LOW HITPOINT WARNING * * *
The scorpion closely misses you.
Aiming: Paralyse
Press: ? - help, Shift-Dir - straight line, f - scorpion, p - jelly
Aim: a scorpion (almost dead, chance to affect: 49%)
The scorpion suddenly stops moving!
Unknown command.
The helpless scorpion fails to defend itself.
You hit the scorpion but do no damage.
The scorpion is almost dead.
The helpless jelly fails to defend itself.
You hit the jelly.
Your hands burn!
* * * LOW HITPOINT WARNING * * *
Unknown command.
The helpless scorpion fails to defend itself.
You hit the scorpion.
You kill the scorpion!
The helpless jelly fails to defend itself.
You hit the jelly but do no damage. The acid corrodes you!
Your hands burn!
* * * LOW HITPOINT WARNING * * *
Your Axes skill increases to level 7!
You have reached level 6!
The helpless jelly fails to defend itself.
You hit the jelly. The acid corrodes you!
Your hands burn!
* * * LOW HITPOINT WARNING * * *
The jelly is almost dead.
The jelly is no longer paralysed.
The jelly hits you.
* * * LOW HITPOINT WARNING * * *
You are splashed with acid!
You die...

....... # ..
....... .##..
.......# ....|
#......###......
#. #......#....P~
#..#..........~~P
........<......PP
.###............#
#....@........
#....#.J..#...?..
##.. #...##......
#.. ##... ..<..
## #... ...#
..... ...P .>...
..P .......
.......


You could see a jelly.

Vanquished Creatures
  A scorpion (D:5)
  An orc priest (D:3)
  Ijyb (D:4)
  4 adders
  A shadow imp (D:3)
  3 worms
  2 dart slugs
  3 orcs (D:3)
  7 ball pythons
  3 bats
  3 endoplasms
  3 giant cockroaches
  10 goblins
  6 hobgoblins
  8 jackals
  2 quokkas
  2 frilled lizards
  7 kobolds
  4 rats (D:1)
71 creatures vanquished.

Vanquished Creatures (others)
  6 plants (D:5)
6 creatures vanquished.

Grand Total: 77 creatures vanquished

Notes
Turn   | Place    | Note
-------+----------+-------------------------------------------
     0 | D:1      | mopl the Barachi Monk began the quest for the Orb.
     0 | D:1      | Reached XP level 1. HP: 18/18 MP: 1/1
   251 | D:1      | Reached XP level 2. HP: 11/24 MP: 2/2
   327 | D:1      | Reached skill level 4 in Axes
   538 | D:1      | Reached XP level 3. HP: 27/29 MP: 3/3
   970 | D:2      | Reached skill level 5 in Axes
  1253 | D:3      | Reached XP level 4. HP: 32/36 MP: 4/4
  1655 | D:3      | Reached skill level 6 in Axes
  1824 | D:3      | Reached XP level 5. HP: 37/41 MP: 5/5
  2725 | D:3      | Found a shimmering blue altar of Sif Muna.
  3004 | D:4      | Noticed Ijyb
  3009 | D:4      | Killed Ijyb
  3161 | D:4      | Found Hahil's Distillery.
  3166 | D:4      | Bought a potion of heal wounds for 70 gold pieces
  3166 | D:4      | Bought a potion of curing for 42 gold pieces
  3312 | D:5      | Entered Level 5 of the Dungeon
  3342 | D:5      | Reached skill level 7 in Axes
  3342 | D:5      | Reached XP level 6. HP: 4/47 MP: 1/6
  3342 | D:5      | HP: 2/47 [acid (2)]
  3342 | D:5      | Splashed by a jelly's acid

Illustrated notes

Levels and vault maps discovered:
D:1:      erik_arrival_triangle_small, layout_loops_ring
D:2:      layout_basic
D:3:      layout_loops_corners, lemuel_blue_sif_altar,
          nicolae_figureground_pulse
D:4:      layout_rooms, serial_shops, kennysheep_little_box, uniq_ijyb
D:5:      layout_cave_pools, serial_shops, shop, serial_bayou,
          serial_bayou_crossing, serial_bayou_pond_c, serial_bayou_lake_a,
          serial_bayou_pond_e, serial_bayou_pond_c

Skill      XL: |  1  2  3  4  5 |
---------------+----------------+-----
Axes           | 4 5 6 7 |  7.2
Fighting       | |  3.6
Dodging        | |  3.2
Stealth        | |  1.7

Action                   |  1- 3 |  4- 6 || total
-------------------------+-------+-------++-------
Melee: Hand axe          |   128 |   151 ||   279
       Punch             |       |     1 ||     1
       Unarmed           |       |    15 ||    15
Evoke: Wand              |       |     3 ||     3
  Use: Potion            |       |     4 ||     4
 Stab: Sleeping          |     2 |       ||     2
       Distracted        |     1 |       ||     1
       Paralysed         |       |    17 ||    17
       Confused          |       |     1 ||     1
Armor: Robe              |    20 |       ||    20
       Scale mail        |    11 |    43 ||    54
       Skin              |       |     6 ||     6
Dodge: Dodged            |    82 |   107 ||   189
